 Dungeon Crawl Stone Soup version 0.31.0-9-g3a7656b989 (webtiles) character file.

Game seed: 3311116683821204426

51 qw the Shooter (level 3, 0/20 HPs)
             Began as a Deep Elf Hunter on Feb 2, 2024.
             Slain by a gnoll
             ... wielding a +0 flail
              (6 damage)
             ... on level 2 of the Dungeon.
             The game lasted 00:00:06 (1224 turns).

qw the Shooter (Deep Elf Hunter)                    Turns: 1224, Time: 00:00:06

Health: 0/20       AC:  7    Str: 10    XL:     3   Next: 58%
Magic:  5/5        EV: 11    Int: 13    God:
Gold:   39         SH:  0    Dex: 18    Spells: 2/2 levels left

rFire   . . .        a - +0 shortbow
rCold   + . .        (shield currently unavailable)
rNeg    . . .        i - +2 ring mail {rC+}
rPois   .            (no helmet)
rElec   .            (no cloak)
rCorr   .            (no gloves)
SInv    .            (no boots)
Will    .....        (no amulet)
Stlth   +            (no ring)
HPRegen 0.23/turn    (no ring)
MPRegen 0.09/turn

%: no passive effects
@: no status effects
A: no striking features
a: no special abilities


You were on level 2 of the Dungeon.
You visited 1 branch of the dungeon, and saw 2 of its levels.

You collected 67 gold pieces.
You spent 28 gold pieces at shops.


   Skills:
 - Level 1.5 Fighting
 + Level 7.1 Ranged Weapons
 - Level 2.4 Dodging
 - Level 1.2 Stealth


You had 2 spell levels left.
You didn't know any spells.
Your spell library was empty.

Inventory:

Hand Weapons
 a - a +0 shortbow (weapon)
Armour
 h - a +0 pair of boots
 i - a +2 ring mail of cold resistance (worn)
Scrolls
 b - a scroll of revelation {unknown}
 d - a scroll of immolation {unknown}
 f - a scroll of identify
Potions
 c - a potion of enlightenment {unknown}
 e - 3 potions of curing
 g - a potion of magic {unknown}

Dungeon Overview and Level Annotations

Branches:
Dungeon (2/15)

Altars:
Fedhas

Shops:
D:2 ?


Message History

A gnoll comes into view. It is wielding a +0 spear.
Enter note:
Enter note:
Enter note:
Enter note:
Enter note:
Enter note:
1215 ||| RETREEEEATING.
Enter note:
Enter note:
Enter note:
1216 ||| RETREEEEATING.
Enter note:
Enter note:
Enter note:
1217 ||| RETREEEEATING.
You shoot an arrow. The arrow hits the gnoll!
The gnoll is heavily wounded.
Enter note:
Enter note:
Enter note:
1219 ||| RETREEEEATING.
Enter note:
Enter note:
Enter note:
1220 ||| RETREEEEATING.
Enter note:
Enter note:
Enter note:
1221 ||| RETREEEEATING.
The gnoll attacks as it pursues you! The gnoll hits you with a +0 flail.
You shoot an arrow. The arrow barely misses the gnoll.
The gnoll closely misses you.
You shoot an arrow. The arrow hits the gnoll.
The gnoll is almost dead.
The gnoll hits you with a +0 flail!
The gnoll hits you from afar with a +0 spear.
You shoot an arrow. The arrow barely misses the gnoll.
The gnoll hits you with a +0 flail.
You die...

...###................ #.......
...# #.......#.#..#.. ........
...#########........#####........
......###.......##.g.............
..###%....(.......g#.##[.........
## #..........#.....<.(...%......
#............##...........###.
##...........###g##..#.....###.
##..........##.@g.#......_...##.
#..#...........####.###.........
##.##.........######.# #.....###.
...######............# #..##.# #.
.##.......#.........#####....###.
.##.#######.........# #.....>....
....# #.........###.##.......
##### #.............###......
#.........#.#......%...


You could see 2 gnolls.

Vanquished Creatures
  2 adders (D:2)
  7 ball pythons
  3 endoplasms (D:1)
  2 giant cockroaches
  2 goblins
  3 hobgoblins
  4 kobolds (D:1)
  A quokka (D:1)
  4 bats
  2 frilled lizards
  4 rats
34 creatures vanquished.

Notes
Turn   | Place    | Note
-------+----------+-------------------------------------------
     0 | D:1      | qw the Deep Elf Hunter began the quest for the Orb.
     0 | D:1      | Reached XP level 1. HP: 12/12 MP: 3/3
     0 | D:1      | 0 ||| qw: Version: 0.3-a-155-g5e7d8dd
     0 | D:1      | 0 ||| qw: Game counter: 208
     0 | D:1      | 0 ||| qw: Melee chars always use a shield: true
     0 | D:1      | 0 ||| qw: God list: Okawaru
     0 | D:1      | 0 ||| qw: Allow faded altars: false
     0 | D:1      | 0 ||| qw: Do Orc after clearing Dungeon:15 true
     0 | D:1      | 0 ||| qw: Do second Lair branch before Depths: true
     0 | D:1      | 0 ||| qw: Lair rune preference: random
     0 | D:1      | 0 ||| qw: Goals: Normal
     0 | D:1      | 0 ||| PLANNING D:1-11
    87 | D:1      | Reached XP level 2. HP: 16/16 MP: 4/4
   121 | D:1      | Reached skill level 6 in Ranged Weapons
   810 | D:1      | 810 ||| UPGRADING to +0 scale mail.
   820 | D:1      | 820 ||| DROPPING +0 leather armour.
   821 | D:1      | 821 ||| UPGRADING to +1 ring mail of cold resistance.
   831 | D:1      | 831 ||| DROPPING +0 scale mail.
   832 | D:1      | 832 ||| READING scroll labelled ISEZIT NILY.
   832 | D:1      | 832 ||| ENCHANTING +1 ring mail of cold resistance.
   833 | D:1      | 833 ||| READING scroll labelled JISHRU BIVUYSM.
   934 | D:1      | 934 ||| DRINKING 2 fuming dark potions.
   935 | D:1      | 935 ||| DROPPING scroll of butterflies.
  1036 | D:2      | Reached XP level 3. HP: 20/20 MP: 5/5
  1163 | D:2      | Found Toatzymo's Magic Scroll Boutique.
  1174 | D:2      | 1174 ||| BUYING scroll of identify (28 gold).
  1174 | D:2      | Bought a scroll of identify for 28 gold pieces
  1174 | D:2      | 1174 ||| SHOPLISTING scroll of identify (28 gold, have 26).
  1174 | D:2      | 1174 ||| SHOPLISTING scroll of teleportation (42 gold, have
                  | 26).
  1180 | D:2      | Reached skill level 7 in Ranged Weapons
  1197 | D:2      | Found a blossoming altar of Fedhas.
  1215 | D:2      | 1215 ||| RETREEEEATING.
  1216 | D:2      | 1216 ||| RETREEEEATING.
  1217 | D:2      | 1217 ||| RETREEEEATING.
  1219 | D:2      | 1219 ||| RETREEEEATING.
  1220 | D:2      | 1220 ||| RETREEEEATING.
  1221 | D:2      | 1221 ||| RETREEEEATING.
  1223 | D:2      | HP: 5/20 [gnoll/+0 spear (3)]
  1224 | D:2      | Slain by a gnoll

Levels and vault maps discovered:
D:1:      lightli_arrival_farm, layout_basic
D:2:      layout_rooms, basic_altar, serial_shops, nicolae_shop_stone,
          grunt_decor_one_mirror

Skill      XL: |  1  2  3 |
---------------+----------+-----
Ranged Weapons | 6 7 |  7.1
Fighting       | |  1.5
Dodging        | |  2.4
Stealth        | |  1.2

Action                     || total
---------------------------++-------
   Fire: Shortbow          ||    78
    Use: Scroll            ||     2
         Potion            ||     1
 Armour: Leather armour    ||     1
         Ring mail         ||     8
  Dodge: Dodged            ||    12

Table legend:
 A = Non-vault XP
 B = Vault XP
 C = Vault XP percentage of total XP
 D = Non-vault monster count
 E = Vault monster count
 F = Vault count percentage of total count
                 A         B        C        D         E       F
            +---------+---------+-------+---------+---------+-------
      Total |      74 |       0 |   0.0 |      34 |       0 |   0.0
            +---------+---------+-------+---------+---------+-------
        D:1 |      34 |       0 |   0.0 |      22 |       0 |   0.0
        D:2 |      40 |       0 |   0.0 |      12 |       0 |   0.0
            +---------+---------+-------+---------+---------+-------
